 Dungeon Crawl Stone Soup version 0.13.0-9-gbc74161 (webtiles) character file.

669 Duskembrace the Vexing (level 6, -2/41 HPs)
             Began as a Vampire Enchanter on Oct 17, 2013.
             Was a Follower of Makhleb.
             Slain by an orc priest
             ... wielding a +1,+3 orcish trident of protection
              (9 damage)
             ... on Level 3 of the Dungeon.
             The game lasted 00:25:14 (5510 turns).

Duskembrace the Vexing (Vampire Enchanter)          Turns: 5510, Time: 00:25:14

HP  -2/41        AC  5     Str  7      XL: 6   Next: 94%
MP   1/13        EV 12     Int 19      God: Makhleb [*.....]
Gold 170         SH  0     Dex 14      Spells:  3 memorised,  4 levels left

Res.Fire  : . . .   See Invis. : +   a - +1 dagger {=f}
Res.Cold  : + + .   Warding    : .   e - +2 robe
Life Prot.: + + +   Conserve   : .   (no shield)
Res.Poison: +       Res.Corr.  : .   (no helmet)
Res.Elec. : .       Clarity    : .   g - +0 cloak
Sust.Abil.: . .     Spirit.Shd : .   (no gloves)
Res.Mut.  : +       Stasis     : .   (no boots)
Res.Rott. : +       Flight     : .   f - amulet of resist mutation
Saprovore : . . .                    n - ring of protection from magic
                                     k - ring of flight

@: regenerating slowly, quite resistant to hostile enchantments, very stealthy
A: bottle blood, fangs 3, see invisible, unbreathing
a: Bat Form, Bottle Blood, Renounce Religion, Evoke Flight


You were on level 3 of the Dungeon.
You worshipped Makhleb.
Makhleb was aware of your devotion.
You were near bloodless.

You visited 1 branch of the dungeon, and saw 3 of its levels.

You collected 150 gold pieces.

Inventory:

Hand weapons
 a - a +1,+1 dagger (weapon) {=f}
 m - a +0,+0 short sword
 r - a +1,+1 dwarven dagger
Missiles
 d - 12 darts (quivered)
Armour
 b - a +1 robe
 e - a +2 robe (worn)
 g - a +0 cloak (worn)
Scrolls
 i - 4 scrolls of identify
 l - a scroll of teleportation {unknown}
 o - a scroll of fog {unknown}
 s - a scroll of amnesia {unknown}
 u - a scroll of curse armour {unknown}
 w - 2 scrolls of curse jewellery {unknown}
 x - a scroll of remove curse
Jewellery
 f - an amulet of resist mutation (around neck)
 k - a ring of flight (left hand)
 n - a ring of protection from magic (right hand)
 p - a -2 ring of protection
Potions
 h - a potion of brilliance {unknown}
 j - a potion of heal wounds {unknown}
 q - 2 potions of speed {unknown}
 t - a potion of curing
 v - a potion of flight {unknown}
Books
 c - a book of Maledictions

   Spells                             Type                      Level
   *Corona                            Hexes                        1
   Sure Blade                         Hexes/Charms                 2
   *Ensorcelled Hibernation           Hexes/Ice                    2
   *Confuse                           Hexes                        3
   Enslavement                        Hexes                        4
   Invisibility                       Hexes                        6
 y - a book of Flames

   Spells                             Type                      Level
   Flame Tongue                       Conjuration/Fire             1
   Throw Flame                        Conjuration/Fire             2
   Conjure Flame                      Conjuration/Fire             3
   Inner Flame                        Hexes/Fire                   3
   Sticky Flame                       Conjuration/Fire             4
   Fireball                           Conjuration/Fire             5


   Skills:
 - Level 1.1 Short Blades
 - Level 0.7 Throwing
 - Level 2.1 Dodging
 + Level 6.9 Stealth
 + Level 2.9 Spellcasting
 + Level 7.1 Hexes
 * Level 3.1 Ice Magic


You had 4 spell levels left.
You knew the following spells:

 Your Spells              Type           Power        Failure   Level  Hunger
a - Corona                Hex            ####...      1%          1    None
b - Ensorcelled Hibernat  Hex/Ice        ###...       3%          2    ##.....
c - Confuse               Hex            ####....     2%          3    ###....


Dungeon Overview and Level Annotations

Branches:
Dungeon (3/27)

Altars:
Makhleb


Innate Abilities, Weirdness & Mutations

You heal slowly.
You can bottle blood from corpses.
You have razor-sharp teeth.*
You have supernaturally acute eyesight.
You can survive without breathing.*


Message History

Press: ? - help, Shift-Dir - straight line, f - orc priest
Aim: an orc priest, wielding a glowing orcish trident (hasn't noticed you)
The orc priest easily resists.
Casting: Confuse
Confirm with . or Enter, or press ? or * to list all spells.
Aiming: Confuse
Press: ? - help, Shift-Dir - straight line, f/p - orc priest
Aim: an orc priest, wielding a glowing orcish trident The orc priest easily resists.
The orc priest closely misses you. The orc closely misses you.
The orc priest calls down the wrath of Beogh upon you.
Something smites you!
* * * LOW HITPOINT WARNING * * *
Casting: Confuse
Confirm with . or Enter, or press ? or * to list all spells.
You don't have enough magic to cast that spell.
Unknown command.
You hit the orc priest but do no damage.
The orc priest hits you with a glowing orcish trident!
You die...

....%.+...r.l....................
......########################...
####### ###################.
....# #................... ###.#
########.################## # #.#
#........#...oo....#..).... # #.#
#........#o######.##.###### # #.#
#........#.# #)##.#..... ###.#
#........#@# #)##.#.#... ....#
#.......##o# #o##'#.#### ....#
#.......##.# #.......... ....#
###.######(# #.....#####
....#####.# #.# #.....# #
..........# #.# ##....# #
....######### #.#######....# #
....# #.....# #......##....# #
..(.# #.....# ######.##....#####


You could see an orc priest and an orc.

Vanquished Creatures
  A phantom (D:3)
  Sigmund (D:3)
  A giant frog (D:3)
  3 orc priests (D:3)
  An orc wizard (D:3)
  4 adders
  6 gnolls
  2 giant mites
  3 giant geckos
  An ooze (D:2)
  9 orcs (D:3)
  2 ball pythons
  4 giant cockroaches (D:2)
  3 hobgoblins
  5 jackals
  A quokka (D:3)
  4 bats
  5 giant newts
  4 goblins
  5 kobolds
  6 rats
71 creatures vanquished.

Notes
Turn   | Place    | Note
--------------------------------------------------------------
     0 | D:1      | Duskembrace, the Vampire Enchanter, began the quest for the Orb.
     0 | D:1      | Reached XP level 1. HP: 13/13 MP: 4/4
   141 | D:1      | Reached skill level 5 in Hexes
   141 | D:1      | Reached XP level 2. HP: 14/19 MP: 5/5
   161 | D:1      | Learned a level 2 spell: Ensorcelled Hibernation
   913 | D:1      | Reached XP level 3. HP: 6/24 MP: 3/6
  1467 | D:1      | Reached skill level 1 in Ice Magic
  1913 | D:2      | Reached XP level 4. HP: 25/30 MP: 2/8
  2144 | D:2      | Reached skill level 6 in Hexes
  2315 | D:3      | Found a burning altar of Makhleb.
  2331 | D:3      | Became a worshipper of Makhleb the Destroyer
  2444 | D:3      | Noticed Sigmund
  2490 | D:3      | Learned a level 3 spell: Confuse
  2563 | D:3      | Killed Sigmund
  2563 | D:3      | Reached skill level 5 in Stealth
  2563 | D:3      | Reached XP level 5. HP: 22/35 MP: 2/10
  2716 | D:3      | Noticed a giant frog
  2724 | D:3      | Killed a giant frog
  4018 | D:3      | Noticed a phantom
  4030 | D:3      | Reached XP level 6. HP: 31/41 MP: 4/12
  4494 | D:3      | Acquired Makhleb's first power
  4753 | D:3      | Killed a phantom
  4885 | D:3      | Reached skill level 7 in Hexes
  5510 | D:3      | Slain by an orc priest

Action                   |  1- 3 |  4- 6 || total
-------------------------+-------+-------++-------
Melee: Dagger            |    82 |    87 ||   169
       Unarmed           |       |     1 ||     1
 Cast: Corona            |     2 |       ||     2
       Ensorcelled Hiber |    23 |    45 ||    68
       Confuse           |       |    21 ||    21
 Abil: End Transformatio |     1 |     4 ||     5
       Bat Form          |     1 |     4 ||     5
  Use: Scroll            |       |     2 ||     2
 Stab: Sleeping          |    15 |    32 ||    47
       Confused          |       |     8 ||     8
